 Dungeon Crawl Stone Soup version 0.19-a0-517-gd6a9987 (webtiles) character file.

3892 Tolias the Conjurer (level 10, -8/63 HPs)
             Began as a Mummy Conjurer on Dec 29, 2014.
             Was an Initiate of Vehumet.
             Killed from afar by a rime drake (16 damage)
             ... with a flash freeze
             ... on level 9 of the Dungeon on June 6, 2016.
             The game lasted 00:41:30 (8644 turns).

Tolias the Conjurer (Mummy Conjurer)                Turns: 8644, Time: 00:41:30

Health: -8/63      AC:  7    Str: 12    XL:     10   Next: 0%
Magic:  4/18       EV: 14    Int: 17    God:    Vehumet [......]
Gold:   333        SH:  0    Dex: 12    Spells: 5 memorised, 6 levels left

rFire  x . .     SeeInvis .     a - +0 dagger (elec)
rCold  + . .     Gourm    .     n - +0 robe
rNeg   + + +     Faith    .     (no shield)
rPois  ∞         Spirit   .     j - +0 helmet
rElec  .         Dismiss  .     z - +0 cloak
rCorr  .         Reflect  .     p - +2 pair of gloves
SustAt .         Harm     .     (no boots)
MR     +....                    y - amulet of nothing
Stlth  +++.......               k - ring of stealth
                                t - ring of wizardry

@: somewhat resistant to hostile enchantments, fairly stealthy
A: no food or potions, fire vulnerability, cold resistance 1, negative energy
resistance 3, poison resistance, torment resistance, unbreathing
a: Renounce Religion


You were on level 9 of the Dungeon.
You worshipped Vehumet.
Vehumet was noncommittal.
You were not hungry.

You visited 1 branch of the dungeon, and saw 9 of its levels.

You collected 333 gold pieces.

Inventory:

Hand Weapons
 a - a +0 dagger of electrocution (weapon)
 e - a +0 hand crossbow
 g - a +0 shortbow
 o - a +0 trident
Missiles
 f - 153 arrows
 i - 3 javelins (quivered)
 s - 2 tomahawks
 w - 7 bolts
Armour
 j - a +0 helmet (worn)
 n - a +0 robe (worn)
 p - a +2 pair of gloves (worn)
 z - a +0 cloak (worn)
Magical Staves
 A - an uncursed staff of poison
Jewellery
 h - an uncursed ring of flight
 k - a ring of stealth (right hand)
 t - a ring of wizardry (left hand)
 y - an amulet of nothing (around neck)
Wands
 l - a wand of polymorph (5/24)
Scrolls
 d - 2 scrolls of enchant weapon
 m - 7 scrolls of identify
 q - 2 scrolls of magic mapping
 v - 4 scrolls of remove curse
 B - 2 scrolls of enchant armour
Books
 c - a book of Conjurations

   Spells                             Type                      Level
   a - Magic Dart                     Conjuration                  1
   b - Searing Ray                    Conjuration                  2
   c - Dazzling Spray                 Conjuration/Hexes            3
   d - Fulminant Prism                Conjuration/Hexes            4
   e - Iskenderun's Mystic Blast      Conjuration                  4
   f - Iskenderun's Battlesphere      Conjuration/Charms           5
 r - Keawurgh's Disquisition on Translocation and Stones
   (You found it on level 8 of the Dungeon)

   Spells                             Type                      Level
   a - Apportation                    Translocation                1
   b - Shroud of Golubria             Charms/Translocation         2
   c - Recall                         Summoning/Translocation      3
   d - Passwall                       Transmutation/Earth          2
   e - Leda's Liquefaction            Hexes/Earth                  4
   f - Iron Shot                      Conjuration/Earth            6


   Skills:
 - Level 5.0 Dodging
 - Level 1.5 Stealth
 + Level 5.6 Spellcasting
 - Level 7.1 Conjurations
 - Level 5.3 Charms
 + Level 1.0 Earth Magic
 - Level 4.8 Evocations


You had 6 spell levels left.
You knew the following spells:

 Your Spells              Type           Power        Failure   Level  Hunger
a - Iskenderun's Battles  Conj/Chrm      ####....     12%         5    N/A
b - Passwall              Tmut/Erth      #.........   9%          2    N/A
d - Iskenderun's Mystic   Conj           ####....     4%          4    N/A
e - Magic Dart            Conj           ####         1%          1    N/A
r - Searing Ray           Conj           ####..       1%          2    N/A

Dungeon Overview and Level Annotations

Branches:
Dungeon (9/15)             Temple (0/1) D:4
   Lair: D:8-11         Orc: D:9-12

Altars:
Elyvilon
Okawaru
Ru
Sif Muna
Trog
Vehumet

Annotations:
D:6 Edmund


Innate Abilities, Weirdness & Mutations

You do not eat or drink.
Your flesh is vulnerable to fire.
You are immune to poison.
Your flesh is cold resistant. (rC+)
You are immune to negative energy. (rN+++)
Your system is resistant to poisons. (rPois)
You are immune to unholy pain and torment.
You can survive without breathing.


Message History

You can't drink.
Unknown command.
Unknown command.
Evoke which item? (* to show all) (? for menu, Esc to quit)
Zapping:
l - a wand of polymorph {zapped: 5} (will waste charges)
Press: ? - help, Shift-Dir - straight line, f - queen bee
Aim: a queen bee (severely wounded, chance to defeat MR: 56%)
The queen bee resists with significant effort.
Evoking this partially-identified wand wasted a few charges.
Your skill with magical items lets you calculate the power of this device...
This wand has 6 charges left.
The queen bee barely misses you.
Evoke which item? (* to show all) (? for menu, Esc to quit)
Zapping:
l - a wand of polymorph (6/24)
Press: ? - help, Shift-Dir - straight line, f/p - queen bee
Aim: a queen bee (severely wounded, chance to defeat MR: 56%)
The queen bee evaporates and reforms as a rime drake!
This wand has 5 charges left.
The rime drake breathes ice at you. The flash freeze hits you!
You partially resist.
You die...

#..
#.#
#.#
#.#
#.#
#.#
#k#
#@#
#.#
#.#
#.#
#.#
#..
..>
#.#


You could see a rime drake.

Vanquished Creatures
  Pikel (D:5)
  A wyvern (D:8)
  Eustachio (D:6)
  Menkaure (D:7)
  A water moccasin (D:6)
  An orc warrior (D:6)
  A phantom (D:7)
  A sky beast (D:6)
  3 centaurs
  5 ogres
  A big kobold (D:8)
  4 giant frogs
  6 killer bees (D:7)
  8 wights
  A howler monkey (D:7)
  6 crimson imps
  A jelly (D:8)
  A centaur zombie (D:6)
  Crazy Yiuf (D:5)
  A giant frog skeleton (D:7)
  2 orc priests (D:6)
  A centaur skeleton (D:7)
  2 hounds
  3 orc wizards
  An iguana (D:4)
  Natasha (thrice) (D:3)
  8 worker ants
  A worker ant zombie (D:5)
  4 gnolls (D:8)
  2 river rats (D:6)
  9 adders
  4 giant geckos
  2 oozes
  14 orcs
  6 giant cockroaches
  16 hobgoblins
  12 jackals
  15 kobolds
  4 quokkas
  3 ball pythons
  9 bats
  A giant cockroach zombie (D:5)
  9 giant newts
  11 goblins
  A quokka skeleton (D:5)
  A quokka zombie (D:7)
  6 rats
196 creatures vanquished.

Vanquished Creatures (others)
  2 slaves
  An orc priest (D:5)
  5 orcs (D:5)
  A kobold (D:5)
9 creatures vanquished.

Grand Total: 205 creatures vanquished

Notes
Turn   | Place    | Note
--------------------------------------------------------------
     0 | D:1      | Tolias, the Mummy Conjurer, began the quest for the Orb.
     0 | D:1      | Reached XP level 1. HP: 13/13 MP: 3/3
   233 | D:1      | Reached XP level 2. HP: 14/19 MP: 0/4
   300 | D:1      | Learned a level 2 spell: Searing Ray
  1010 | D:1      | Reached XP level 3. HP: 20/24 MP: 0/6
  1493 | D:2      | Reached skill level 4 in Conjurations
  1578 | D:2      | Reached XP level 4. HP: 25/30 MP: 5/9
  2053 | D:3      | Found an iron altar of Okawaru.
  2142 | D:3      | Noticed Natasha
  2156 | D:3      | Killed Natasha
  2204 | D:3      | Noticed Natasha
  2213 | D:3      | Killed Natasha
  2416 | D:3      | Reached XP level 5. HP: 31/35 MP: 2/11
  2531 | D:3      | Noticed Natasha
  2532 | D:3      | Killed Natasha
  2544 | D:3      | Reached skill level 5 in Conjurations
  2706 | D:4      | Noticed an ogre
  2720 | D:3      | Learned a level 4 spell: Iskenderun's Mystic Blast
  2769 | D:4      | Noticed an ogre
  2776 | D:4      | Killed an ogre
  2828 | D:4      | Reached XP level 6. HP: 36/41 MP: 5/12
  2917 | D:4      | Reached skill level 6 in Conjurations
  3410 | D:4      | Noticed an ogre
  3515 | D:4      | Killed an ogre
  3515 | D:4      | Reached XP level 7. HP: 46/46 MP: 4/14
  3579 | D:4      | Found a staircase to the Ecumenical Temple.
  3625 | D:4      | Killed an ogre
  3625 | D:4      | Reached skill level 7 in Conjurations
  3647 | D:4      | Learned a level 5 spell: Iskenderun's Battlesphere
  3685 | D:5      | Entered Level 5 of the Dungeon
  3825 | D:5      | Noticed Pikel
  3846 | D:5      | Killed Pikel
  3846 | D:5      | Reached XP level 8. HP: 33/52 MP: 2/16
  4114 | D:5      | Found a radiant altar of Vehumet.
  4120 | D:5      | Found a bloodstained altar of Trog.
  4126 | D:5      | Found a sacrificial altar of Ru.
  4197 | D:5      | Reached skill level 5 in Dodging
  4279 | D:5      | Noticed Crazy Yiuf
  4334 | D:5      | Killed Crazy Yiuf
  4399 | D:5      | Found a deep blue altar of Sif Muna.
  4433 | D:5      | Reached skill level 1 in Evocations
  4847 | D:6      | Noticed Eustachio
  4858 | D:6      | Killed Eustachio
  5783 | D:6      | Noticed Edmund
  5943 | D:6      | Reached skill level 5 in Evocations
  6203 | D:6      | You fall through a shaft!
  6281 | D:8      | Identified Keawurgh's Disquisition on Translocation and Stones
  6348 | D:8      | Reached skill level 1 in Charms
  6348 | D:8      | Reached XP level 9. HP: 23/57 MP: 1/17
  6463 | D:8      | Upgraded the game from 0.16-a0-3369-g3e5b539 to 0.17-a0-435-gc4df345
  6463 | D:8      | Upgraded the game from 0.17-a0-435-gc4df345 to 0.17-a0-464-g85d6e2c
  6463 | D:8      | Upgraded the game from 0.17-a0-464-g85d6e2c to 0.19-a0-517-gd6a9987
  6828 | D:7      | Noticed Menkaure
  6832 | D:7      | Killed Menkaure
  7512 | D:5      | Became a worshipper of Vehumet
  8002 | D:6      | Reached skill level 5 in Spellcasting
  8002 | D:6      | Reached skill level 5 in Charms
  8266 | D:7      | Found a white marble altar of Elyvilon.
  8356 | D:7      | Learned a level 2 spell: Passwall
  8536 | D:8      | Reached skill level 1 in Earth Magic
  8575 | D:8      | Reached XP level 10. HP: 59/63 MP: 5/18
  8644 | D:9      | Killed from afar by a rime drake

Vault maps used:
D:1:      co_arrival_square_in_a_square_in_a_square, serial_park_tiny_1
D:3:      nicolae_overflow_crystal_walls, serial_curves, eino_curves_02,
          eino_curves_02, eino_curves_01, uniq_natasha
D:4:      minmay_temple_entry_poolview
D:5:      lemuel_ice_spiral_2, kennysheep_mini,
          minmay_overflow_temple_star_quad, first_bread, uniq_pikel,
          uniq_crazy_yiuf_cottage
D:6:      kennysheep_cross_bottleneck, st_stairs_5, minmay_holes, uniq_edmund,
          uniq_eustachio
D:7:      kennysheep_little_box, uniq_menkaure
D:8:      david_nohive_1
D:9:      minmay_flawed_box, erik_lair_boring, uniq_erolcha

Skill      XL: |  1  2  3  4  5  6  7  8  9 |
---------------+----------------------------+-----
Conjurations   | 4 5 6 7 |  7.1
Dodging        | 5 |  5.0
Evocations     | 5 |  4.8
Charms         | 1 5 |  5.3
Spellcasting   | 5 |  5.6
Earth Magic    | 1 |  1.0
Stealth        | |  1.5

Action                   |  1- 3 |  4- 6 |  7- 9 | 10-12 || total
-------------------------+-------+-------+-------+-------++-------
Melee: Club              |    31 |       |       |       ||    31
       Unarmed           |     2 |       |       |       ||     2
       Spear             |    38 |       |       |       ||    38
       Trident           |    17 |    90 |       |       ||   107
       Dagger            |       |    11 |    63 |       ||    74
       Dagger            |       |       |   109 |       ||   109
Throw: Javelin           |     6 |     3 |     2 |       ||    11
       Tomahawk          |       |     2 |       |       ||     2
 Cast: Magic Dart        |    58 |    59 |    26 |       ||   143
       Searing Ray       |     8 |    15 |    21 |       ||    44
       Iskenderun's Myst |       |     2 |    29 |       ||    31
       Magic Dart        |       |       |    65 |     3 ||    68
       Searing Ray       |       |       |    19 |     2 ||    21
       Iskenderun's Myst |       |       |     9 |       ||     9
       Iskenderun's Batt |       |       |     6 |     1 ||     7
Evoke: Club              |       |       |    14 |       ||    14
       Wand              |       |       |       |     4 ||     4
  Use: Scroll            |     8 |     2 |     7 |       ||    17
       Scroll            |       |       |     5 |       ||     5
 Stab: Sleeping          |     2 |     3 |     4 |       ||     9
       Sleeping          |       |       |     2 |       ||     2
Armor: Robe              |       |       |    46 |     1 ||    47
Dodge: Dodged            |       |       |   159 |    10 ||   169
